 Dungeon Crawl Stone Soup version 0.21.0-3-g78d12a8 (webtiles) character file.

14947 komo4ek the Carver (level 12, 0/94 HPs)
             Began as a Human Gladiator on Jan 17, 2018.
             Was a Follower of Uskayaw.
             Slain by a seven-headed hydra (14 damage)
             ... on level 12 of the Dungeon.
             The game lasted 00:34:29 (10770 turns).

komo4ek the Carver (Human Gladiator)               Turns: 10770, Time: 00:34:30

Health: 0/94       AC: 11    Str: 15    XL:     12   Next: 51%
Magic:  13/13      EV: 18    Int: 10    God:    Uskayaw [*.....]
Gold:   687        SH:  0    Dex: 23    Spells: 11/11 levels left

rFire    + . .     SeeInvis .   N - +5 scimitar
rCold    . . .     Gourm    .   (no shield)
rNeg     . . .     Faith    .   Y - +0 ring mail {rF+}
rPois    .         Spirit   .   (helmet restricted)
rElec    .         Reflect  .   P - scarf {cloud immunity}
rCorr    .         Harm     .   u - +0 pair of gloves
MR       .....                  h - +0 pair of boots
Stlth    +.........             p - amulet of regeneration
HPRegen  0.65/turn              g - +2 ring of dexterity
MPRegen  0.13/turn              C - +3 ring of dexterity

@: invisible
A: horns 1, iridescent scales 1, low mp 1
a: Stomp, Renounce Religion


You were on level 12 of the Dungeon.
You worshipped Uskayaw.
Uskayaw was noncommittal.
You were not hungry.

You visited 2 branches of the dungeon, and saw 13 of its levels.
You also visited: Ossuary.

You collected 687 gold pieces.

Inventory:

Hand Weapons
 M - a +0 great sword
 N - a +5 scimitar (weapon)
 O - a cursed +3 scimitar
Missiles
 d - 3 throwing nets (quivered)
 q - 232 bolts
 r - 76 sling bullets
 L - 91 arrows
Armour
 c - a +0 helmet
 h - a +0 pair of boots (worn)
 u - a +0 pair of gloves (worn)
 P - a scarf of cloud immunity (worn)
 Y - a +0 ring mail of fire resistance (worn)
Jewellery
 b - a +3 ring of protection
 g - a +2 ring of dexterity (left hand)
 p - an amulet of regeneration (around neck)
 B - an uncursed ring of ice
 C - a +3 ring of dexterity (right hand)
 K - an uncursed amulet of rage
 U - an uncursed ring of protection from cold
Wands
 A - a wand of flame (49)
 T - a wand of random effects (34)
Scrolls
 i - 2 scrolls of magic mapping {unknown}
 k - 2 scrolls of immolation
 l - 4 scrolls of fog
 m - 3 scrolls of noise
 n - 12 scrolls of teleportation
 o - 4 scrolls of fear
 t - 3 scrolls of blinking {unknown}
 x - a scroll of enchant armour {unknown}
 y - 7 scrolls of remove curse
 D - a scroll of random uselessness {unknown}
 F - 2 scrolls of enchant weapon {unknown}
 S - a scroll of holy word {unknown}
Potions
 e - a potion of brilliance
 s - 5 potions of flight
 v - 2 potions of curing
 w - 2 potions of lignification
 z - a potion of invisibility
 G - 5 potions of degeneration
 H - a potion of agility
 I - a potion of ambrosia
 J - a potion of haste {unknown}
 R - a potion of cancellation {unknown}
 V - a potion of resistance
Books
 E - a book of Debilitation

   Spells                             Type                      Level
   a - Corona                         Hexes                        1
   b - Slow                           Hexes                        2
   c - Inner Flame                    Hexes/Fire                   3
   d - Portal Projectile              Hexes/Translocation          3
   e - Cause Fear                     Hexes                        4
   f - Leda's Liquefaction            Hexes/Earth                  4
 X - a Necronomicon

   Spells                             Type                      Level
   a - Haunt                          Necromancy/Summoning         7
   b - Borgnjor's Revivification      Necromancy                   8
   c - Death's Door                   Charms/Necromancy            8
   d - Infestation                    Necromancy                   8
   e - Necromutation                  Transmutation/Necromancy     8
Miscellaneous
 W - a fan of gales (inert)
Comestibles
 f - 12 rations


   Skills:
 + Level 8.8 Fighting
 * Level 12.3 Long Blades
 - Level 2.0 Throwing
 + Level 8.5 Armour
 + Level 9.1 Dodging
 + Level 4.4 Invocations


You had 11 spell levels left.
You didn't know any spells.

Dungeon Overview and Level Annotations

Branches:
Dungeon (12/15)            Temple (1/1) D:6            Lair (0/6) D:11
    Orc (0/2) D:10

Altars:
Ashenzari
Fedhas
Hepliaklqana
Makhleb
Qazlal
Trog
Uskayaw
Yredelemnul
Zin
The Shining One

Shops:
D:12 (


Innate Abilities, Weirdness & Mutations

You have a pair of small horns on your head.
You are partially covered in iridescent scales. (AC +2)
Your magical capacity is low. (-10% MP)


Message History

The seven-headed hydra bites you. The seven-headed hydra bites you!
* * * LOW HITPOINT WARNING * * *
The seven-headed hydra bites you but does no damage. x2
The seven-headed hydra bites you.
* * * LOW HITPOINT WARNING * * *
The seven-headed hydra completely misses you.
The seven-headed hydra bites you!
* * * LOW HITPOINT WARNING * * *
Uskayaw will force your foes to share their pain.
There is an open door here.
You can no longer pass through a line of other dancers.
Found a scale mail.
Found Rierit Osarph's Weapon Shoppe.
An ice beast comes into view.
Okay, then.
You fade into invisibility!
The seven-headed hydra bites you.
* * * LOW HITPOINT WARNING * * *
The seven-headed hydra bites you!
You die...

.###############..###
.####...##...###'##
(........#...#....#
.........+...#....#
...(.....#...#....#
..(......#.. #....#
##.##.####.# ##...# #
##.##.####.####.D.##.Y.#
).......>...#...@.......
............#........[..
............#...........
............#...........
.........<..+...........
####..###..######.##.#..
####..###..####∩#.# +###
<.#..........##+ ..
..#..........#


You could see a seven-headed hydra and an ice beast.

Vanquished Creatures
  The ghost of Pawles22 the Thaumaturge, a journeyman DsFE of Vehumet (D:10)
  3 two-headed ogres
  The ghost of p0werm0de the Martial Artist, a novice DsCK of Xom (D:8)
  The ghost of Daviar the Skirmisher, a novice BaFi of Yredelemnul (D:5)
  2 cyclopes
  A centaur zombie (D:12)
  An ugly thing (D:11)
  2 hornets (D:9)
  5 hippogriffs
  A shadow (D:11)
  Sigmund (D:2)
  2 hungry ghosts (D:11)
  A wraith (D:11)
  9 yaks
  Grum (D:10)
  2 basilisks
  Menkaure (D:5)
  A soldier ant (D:9)
  An orc warrior (D:7)
  A water moccasin (D:6)
  3 black bears (D:10)
  2 sky beasts (D:10)
  8 ogres
  A phantom (D:7)
  An ice beast (D:7)
  2 necrophages
  6 centaurs
  2 wolves
  3 crocodiles
  2 elf zombies (Ossuary)
  9 bullfrogs
  A big kobold (D:12)
  A gnoll sergeant (D:6)
  10 killer bees
  3 scorpions
  3 wights (D:7)
  An electric eel (D:8)
  3 howler monkeys
  6 crimson imps
  3 bullfrog zombies
  A quasit (D:7)
  6 hounds
  2 jellies (D:5)
  A bullfrog skeleton (D:8)
  3 orc priests
  Crazy Yiuf (D:3)
  8 orc wizards
  2 centaur skeletons
  3 iguanas
  6 worker ants
  A big kobold zombie (Ossuary)
  A hound zombie (Ossuary)
  Robin (D:3)
  A hound skeleton (D:10)
  4 mummies (Ossuary)
  2 worker ant zombies
  5 gnolls
  11 adders
  A howler monkey skeleton (D:7)
  A shadow imp (D:7)
  2 oozes
  An adder zombie (Ossuary)
  3 worms
  A dart slug (D:2)
  6 leopard geckos
  27 orcs
  6 giant cockroaches
  5 gnoll zombies
  20 goblins
  10 hobgoblins
  3 jackals (D:9)
  12 kobolds
  8 quokkas
  13 bats
  5 frilled lizards
  A goblin zombie (Ossuary)
  A hobgoblin zombie (Ossuary)
  A jackal zombie (D:5)
  2 kobold zombies (Ossuary)
  8 rats
304 creatures vanquished.

Vanquished Creatures (others)
  A wizard (D:6)
1 creature vanquished.

Grand Total: 305 creatures vanquished

Notes
Turn   | Place    | Note
-------+----------+-------------------------------------------
     0 | D:1      | komo4ek the Human Gladiator began the quest for the Orb.
     0 | D:1      | Reached XP level 1. HP: 16/16 MP: 1/1
   148 | D:1      | Reached XP level 2. HP: 22/22 MP: 2/2
   352 | D:1      | Reached XP level 3. HP: 26/27 MP: 3/3
   770 | D:1      | Reached skill level 1 in Armour
   851 | D:2      | Reached XP level 4. HP: 26/34 MP: 4/4
  1008 | D:2      | Noticed Sigmund
  1011 | D:2      | Found a shattered altar of Ashenzari.
  1494 | D:2      | Killed Sigmund
  1494 | D:2      | Reached skill level 4 in Long Blades
  1494 | D:2      | Reached XP level 5. HP: 41/41 MP: 5/5
  1494 | D:2      | Reached XP level 6. HP: 47/47 MP: 6/6
  1650 | D:2      | You fall through a shaft!
  1650 | D:3      | Noticed Robin
  1712 | D:3      | Killed Robin
  1743 | D:3      | Found a glowing silver altar of Zin.
  2242 | D:3      | Found a hazy altar of Hepliaklqana.
  2357 | D:3      | Found a runed door.
  2561 | D:3      | Noticed Crazy Yiuf
  2568 | D:3      | Killed Crazy Yiuf
  2568 | D:3      | Reached skill level 5 in Long Blades
  2598 | D:4      | Reached XP level 7. HP: 52/52 MP: 7/7
  2804 | D:4      | Gained mutation: Your magical capacity is low. (-10% MP) [potion of mutation]
  2804 | D:4      | Gained mutation: You have a pair of small horns on your head. [potion of mutation]
  2804 | D:4      | Gained mutation: You are partially covered in iridescent scales. (AC +2) [potion of mutation]
  3462 | D:5      | Entered Level 5 of the Dungeon
  3546 | D:5      | Reached skill level 6 in Long Blades
  3546 | D:5      | Reached XP level 8. HP: 30/60 MP: 7/7
  3838 | D:5      | Noticed Menkaure
  3847 | D:5      | Killed Menkaure
  3847 | D:5      | Reached skill level 5 in Dodging
  4070 | D:5      | Noticed Daviar's ghost (novice BaFi)
  4168 | D:5      | Killed Daviar's ghost
  4168 | D:5      | Reached skill level 5 in Fighting
  4168 | D:5      | Reached skill level 7 in Long Blades
  4168 | D:5      | Reached XP level 9. HP: 20/68 MP: 8/8
  4549 | D:6      | Reached skill level 8 in Long Blades
  4583 | D:6      | Reached skill level 5 in Armour
  4637 | D:6      | Found a staircase to the Ecumenical Temple.
  4683 | Temple   | Entered the Ecumenical Temple
  4697 | Temple   | Became a worshipper of Uskayaw the Reveler
  4741 | D:6      | Reached * piety under Uskayaw
  4745 | D:6      | Reached ** piety under Uskayaw
  4783 | D:6      | Found a sand-covered staircase.
  4790 | Ossuary  | Entered an ossuary
  4829 | Ossuary  | Reached *** piety under Uskayaw
  4841 | Ossuary  | Reached **** piety under Uskayaw
  5153 | D:6      | Found a blossoming altar of Fedhas.
  5284 | D:6      | Found a glowing golden altar of the Shining One.
  5318 | D:6      | Reached XP level 10. HP: 39/76 MP: 9/9
  5571 | D:6      | Found a bloodstained altar of Trog.
  5572 | D:6      | Noticed a wizard
  5577 | D:6      | Killed a wizard
  5657 | D:7      | Reached skill level 9 in Long Blades
  6920 | D:8      | Found a basalt altar of Yredelemnul.
  6935 | D:8      | Noticed p0werm0de's ghost (novice DsCK)
  6950 | D:8      | Killed p0werm0de's ghost
  7090 | D:8      | Noticed a two-headed ogre
  7146 | D:8      | Killed a two-headed ogre
  7146 | D:8      | Reached skill level 10 in Long Blades
  7649 | D:9      | Noticed a two-headed ogre
  7817 | D:9      | Reached XP level 11. HP: 84/84 MP: 9/9
  7930 | D:9      | Paralysed by a hornet for 2 turns
  7968 | D:9      | HP: 2/126 [soldier ant (8)]
  7971 | D:9      | Reached ***** piety under Uskayaw
  8235 | D:9      | Killed a two-headed ogre
  8374 | D:9      | Found a burning altar of Makhleb.
  8374 | D:9      | Noticed a balrug
  8536 | D:10     | Entered Level 10 of the Dungeon
  8536 | D:10     | Noticed Grum
  8611 | D:10     | Noticed Pawles22's ghost (journeyman DsFE)
  8627 | D:10     | Reached skill level 11 in Long Blades
  8651 | D:10     | HP: 4/85 [bullfrog (7)]
  8655 | D:10     | Killed Pawles22's ghost
  8655 | D:10     | Reached skill level 1 in Invocations
  8830 | D:10     | Found a staircase to the Orcish Mines.
  9082 | D:10     | Noticed a two-headed ogre
  9088 | D:10     | Killed Grum
  9095 | D:10     | Killed a two-headed ogre
  9364 | D:11     | Noticed a purple ugly thing
  9488 | D:11     | Reached XP level 12. HP: 85/93 MP: 11/12
  9832 | D:11     | Reached skill level 12 in Long Blades
  9915 | D:11     | Found a staircase to the Lair.
 10741 | D:12     | Noticed a four-headed hydra
 10768 | D:12     | Found Rierit Osarph's Weapon Shoppe.
 10770 | D:12     | Slain by a seven-headed hydra

Skill      XL: |  1  2  3  4  5  6  7  8  9 10 11 12 |
---------------+-------------------------------------+-----
Armour         | 1 2 3 4 5 6 8 |  8.5
Fighting       | 3 4 5 6 7 8 |  8.8
Long Blades    | 4 5 6 7 8 10 11 12 | 12.3
Dodging        | 4 5 6 7 8 9 |  9.1
Invocations    | 3 4 |  4.4
Throwing       | |  2.0

Action                   |  1- 3 |  4- 6 |  7- 9 | 10-12 || total
-------------------------+-------+-------+-------+-------++-------
Melee: Long sword        |    76 |   141 |   280 |    86 ||   583
       Headbutt          |       |       |    87 |   145 ||   232
       Scimitar          |       |       |       |   439 ||   439
Invok: Stomp             |       |       |       |     2 ||     2
Evoke: Wand              |       |       |    13 |    21 ||    34
       Fan of gales      |       |       |       |     1 ||     1
  Use: Potion            |       |       |     6 |     9 ||    15
       Scroll            |       |       |       |    12 ||    12
 Stab: Paralysed         |       |       |     5 |    33 ||    38
  Eat: Chunk             |       |     5 |     3 |     2 ||    10
       Ration            |       |     1 |     1 |     6 ||     8
Armor: Scale mail        |    56 |    77 |   113 |   199 ||   445
       Skin              |       |       |       |    19 ||    19
       Ring mail         |       |       |       |    20 ||    20
Dodge: Dodged            |    59 |    94 |   163 |   362 ||   678
       Rpst.: Long sword |    22 |    37 |    54 |    21 ||   134
       Scimitar          |       |       |       |    76 ||    76
